[Event "Indian Blitz Championship 2023"]
[Site "Nashik"]
[Date "2024.03.07"]
[Round "7.1"]
[White "Raja Rithvik R"]
[Black "Hari Madhavan N B"]
[Result "1/2-1/2"]
[ECO "D13"]
[WhiteElo "2532"]
[BlackElo "2395"]
[Annotator "TA"]
[PlyCount "179"]
[EventDate "2024.03.07"]
[EventType "blitz"]
[EventCountry "IND"]
[SourceTitle "playchess.com"]
[Source "ChessBase"]
[SourceQuality "1"]
[TimeControl "180+2"]

1. d4 d5 2. c4 c6 3. cxd5 cxd5 4. Nc3 Nc6 5. Nf3 Nf6 6. Bf4 a6 7. Rc1 e6 8. e3 Be7 9. h3 O-O 10. Bd3 Bd7 11. O-O Rc8 12. a3 h6 13. b4 Ne8 14. Ne5 {[%emt 0:00:34] Weiß steht deutlich aktiver.} (14. e4 $16) 14... Nxe5 $11 15. dxe5 Bg5 16. Bb1 Bxf4 17. exf4 Rc4 {[%emt 0:00:03] [#]} (17... Nc7 $11) 18. f5 $1 $16 exf5 19. Nxd5 ({Günstiger ist} 19. Ba2 $1 $16 Nc7 20. Bxc4 (20. Nxd5 Rxc1 21. Qxc1 Be6 $11) 20... dxc4 21. Qf3) 19... Bb5 (19... Rxc1 $1 $14 20. Qxc1 Bc6) 20. Ne3 (20. Bxf5 $2 Rxc1 21. Qxc1 Qxd5 $19 (21... Bxf1 $2 22. Qc5 $19)) ({Vorzuziehen ist} 20. Rxc4 $16 Bxc4 21. Ne3) 20... Rd4 $11 21. Qf3 Bxf1 22. Kxf1 (22. Rxf1 $11 f4 (22... g6 23. Nxf5 Rd2 24. Nxh6+ Kg7 25. Ng4 $16) 23. Nf5) 22... g6 $19 23. g4 (23. Kg1 $142) 23... f4 24. Ng2 Qe7 (24... Nc7 $142 {Und jetzt ...Ne6 wäre schön.} 25. Nxf4 Ne6) 25. Re1 Ng7 26. Nxf4 Rfd8 {[%emt 0:00:01] Pariert Nd5.} (26... Ne6 $17 27. Nd5 Qg5) 27. Kg2 $2 (27. Ba2 $1 $11 {und Weiss muss sich keine Sorgen machen.} Qg5 28. Nd5) 27... Ne6 (27... Qg5 $19 {ist viel giftiger.} 28. Be4 Qxe5) 28. Nxe6 $17 Qxe6 29. Qxb7 Rf4 {[%emt 0:00:21] Verhindert Qf3} 30. Re2 {[%emt 0:00:26] Lässt Rd2 nicht zu} (30. Re4 $17 Rd4 31. Rxf4 Rxf4 32. Bd3) 30... Rxg4+ $19 31. hxg4 $2 (31. Kh2 Rf4 32. Kg3) 31... Qxg4+ 32. Kf1 Rd1+ 33. Re1 Qh3+ $2 (33... Qc4+ $19 34. Kg2 Rxe1) 34. Ke2 $11 Qg4+ 35. f3 Rxe1+ 36. Kxe1 Qg1+ 37. Ke2 Qxb1 38. Qxa6 {[%emt 0:00:04][%mdl 4096] Endspiel. KQ-KQ} Qb2+ 39. Kd3 Qxe5 40. Qc8+ Kh7 41. Qd7 Qf4 42. b5 Qxf3+ 43. Kc4 Qe4+ 44. Kc5 Qe3+ 45. Kc6 Qc3+ 46. Kb7 Qf3+ (46... h5 $1 $11) 47. Qc6 $1 $16 Qxa3 48. b6 h5 49. Qd7 (49. Kc8 $1 $16 {b7 wäre nun fies.} Qh3+ 50. Qd7 Qc3+ 51. Qc7 Qh3+ 52. Kb8) 49... Qf3+ {[%emt 0:00:01] [#]} (49... h4 $11 {hält das Gleichgewicht.} 50. Qxf7+ Kh6) 50. Kc8 $1 {[%emt 0:00:02] jetzt b7 und aus.} Qa8+ (50... Qc3+ 51. Qc7 Qh3+ 52. Kb8 $14) (50... Kg7 $16 {war einen Versuch wert.}) 51. Kc7 $18 h4 $2 (51... Qa5 $18 52. Qxf7+ Kh6) 52. Qxf7+ Kh6 {[%emt 0:00:01] [#]} 53. Qf4+ $1 Kh5 54. Qe5+ g5 55. b7 Qa7 56. Kc8 Qa6 57. Qe8+ Kg4 58. Qd7+ Kh5 59. Kd8 Qb6+ 60. Qc7 $2 (60. Ke7 {setzt Matt} Qb4+ 61. Kf7 Qb6 62. Qd1+ Kh6 63. Qd5 Qf2+ 64. Kg8 Qh2 65. Qc6+ Kh5 66. Qe8+ Kg4 67. b8=Q (67. b8=B Qc2 $11)) 60... Qf6+ $11 61. Kd7 Qf5+ $2 (61... Qg7+ $11 62. Kc6 Qc3+ 63. Kd6 Qf6+ 64. Kd7 Qg7+ 65. Kd6 Qf6+ 66. Kd5 Qf5+ 67. Kc6 Qf3+ 68. Kc5 Qc3+ 69. Kb6 Qb3+ 70. Kc6 Qc4+ 71. Kb6 Qb3+ 72. Kc6 Qc3+ 73. Kd7 Qg7+) 62. Kc6 $2 (62. Ke7 $18 Qh7+ 63. Kd6 Qd3+ 64. Ke6 Qe4+ 65. Kf6 Qg6+ 66. Ke5 Qe8+ 67. Kd5 Qb5+ 68. Ke6 Qe8+ 69. Qe7 Qg6+ 70. Kd7 Qf5+ 71. Ke8 Qb5+ 72. Kf8) 62... Qe4+ {[%emt 0:00:02] Die Stellung ist ausgeglichen.} 63. Kb6 Qb4+ 64. Ka6 Qa4+ 65. Qa5 Qc6+ 66. Ka7 Qd7 67. Qc5 (67. Qa2 $5) 67... h3 {[%emt 0:00:04] Und ...h2 würde nun gewinnen.} 68. Kb6 Qd8+ 69. Qc7 Qd4+ 70. Qc5 Qb2+ 71. Qb5 Qd4+ 72. Qc5 Qd8+ 73. Qc7 Qd4+ 74. Qc5 Qb2+ 75. Qb5 Qd4+ 76. Ka6 Qa1+ 77. Kb6 Qd4+ 78. Ka6 Qa1+ 79. Qa5 Qf1+ 80. Ka7 Qf2+ 81. Ka8 Qf3 82. Ka7 h2 {[%emt 0:00:01] ( -> ...Qf2+)} 83. b8=Q {[%emt 0:00:08] Schach mit Chili.} h1=Q {[%emt 0:00:02] Droht stark ...Qg1+.} (83... h1=B 84. Qh2+ Kg6 85. Qb6+ Qc6 86. Qxh1 Qxb6+ 87. Kxb6 Kf5 88. Qf3+ Ke5 89. Kc5) 84. Qe8+ Kh4 $1 85. Qh8+ Kg4 86. Qc8+ $1 Kh4 87. Qh8+ Kg4 88. Qc8+ Kh4 {[%emt 0:00:01] Weiss muss nun ...Qf7+ beachten.} 89. Qh8+ Kg4 90. Qc8+ {[%emt 0:00:01] Weiß hat die Chance genutzt.   Gewichteter Fehlerwert: Weiß=0.67/Schwarz=0.53.  Verlustzug:     	Weiß=3     	Schwarz=1     Gewinn verpasst:   	Weiß=1     	---        Fehler:       	Weiß=6     	Schwarz=9     Ungenau:       	Weiß=4     	Schwarz=1     OK:         	Weiß=26    	Schwarz=27    Bester:       	Weiß=4     	Schwarz=7     Stark:        	Weiß=3     	Schwarz=1} 1/2-1/2

[Event "Indian Blitz Championship 2023"]
[Site "Nashik"]
[Date "2024.03.07"]
[Round "7.2"]
[White "Aakash Sharadchandra, Dalvi"]
[Black "Mohammad Nubairshah Shaikh"]
[Result "1/2-1/2"]
[ECO "A42"]
[WhiteElo "2291"]
[BlackElo "2436"]
[Annotator "TA"]
[PlyCount "146"]
[EventDate "2024.03.07"]
[EventType "blitz"]
[EventCountry "IND"]
[SourceTitle "playchess.com"]
[Source "ChessBase"]
[SourceQuality "1"]
[TimeControl "180+2"]

1. d4 g6 2. c4 Bg7 3. e4 d6 4. Nc3 e5 5. d5 a5 6. Nf3 {[%emt 0:00:05] A42: Moderne Verteidigung (mit c2-c4/ohne Sf6).} Na6 7. Bd3 Nc5 8. Bc2 h5 $146 ({Predecessor:} 8... Bd7 9. O-O h5 10. Bg5 f6 11. Be3 Bh6 12. Bxc5 dxc5 13. d6 c6 14. Ne1 b6 {1-0 Magold,F (2388)-Domingo Nunez,R (2416) Titled Tuesday intern op 23rd May Early blitz 2023 (4)}) 9. Rb1 Bh6 10. b3 Bg4 11. h3 Bxf3 12. Qxf3 Bxc1 13. Rxc1 Qf6 14. Qe3 h4 15. a3 Kf8 16. O-O Kg7 17. b4 Na6 18. Rb1 Ne7 (18... Qf4 $14) 19. c5 ({Vorzuziehen ist} 19. f4 $16) 19... Qf4 20. Na4 (20. bxa5 Qxe3 (20... dxc5 $2 21. Qxf4 exf4 22. Rxb7 $18) (20... Nxc5 21. Qe1 $15) 21. fxe3 Nxc5 $11 (21... dxc5 22. d6 $16)) 20... Qxe3 21. fxe3 axb4 22. axb4 Rhf8 23. cxd6 cxd6 24. Nb6 Rad8 25. Bd3 Nb8 (25... f5 $11 {hält das Gleichgewicht.}) 26. Ra1 Nd7 27. Nc4 Nf6 {[%emt 0:00:05] [#]} 28. Ra7 (28. Rfc1 $1 $16) 28... Rd7 $11 29. Na5 Rb8 $1 (29... b6 $6 30. Rxd7 Nxd7 31. Nc4 $16) 30. Rc1 (30. Nc4 $11 {verdient Beachtung.}) 30... Nc8 $17 31. Rxb7 Rdxb7 32. Nxb7 Rxb7 33. Rxc8 Rxb4 34. Rc6 Nxe4 (34... Rb3 $17 35. Bc2 Rxe3) 35. Bxe4 $11 Rxe4 36. Kf2 Ra4 37. Rxd6 f5 38. Kf3 Ra2 39. Re6 e4+ 40. Kf4 Rxg2 41. d6 Kf7 $2 (41... Rd2 $11) 42. Ke5 Rd2 43. Rf6+ Kg7 44. Re6 Kf7 $1 45. Re7+ Kf8 46. Rh7 $2 (46. Ke6 $18 {Weiss droht d7 und Matt.} Ra2 47. Rf7+ Kg8 48. Rc7) 46... f4 $11 47. Kxf4 (47. exf4 $2 {verliert.} e3 48. Kf6 Rxd6+ 49. Ke5 e2 50. Kxd6 e1=Q $19 (50... e1=B $2 {zu gefräßig.} 51. Ke6 $18)) (47. Rh8+ {sieht schärfer aus.} Kg7 48. Rxh4 f3 49. Kxe4 f2 50. Rf4) 47... Rxd6 48. Rxh4 Kg7 49. Kxe4 Ra6 50. Kf3 Ra1 51. Rb4 Kf6 52. h4 Rf1+ 53. Kg3 Ke5 54. Rg4 Rg1+ 55. Kf3 Rf1+ 56. Kg2 Re1 57. Kf2 Rh1 58. Kg2 ({Viel schwächer ist} 58. Rxg6 Rxh4 59. Ra6 Rh2+ 60. Kf3 Kf5 $14) 58... Re1 59. Kf2 Rh1 60. e4 Ra1 61. Rxg6 Kxe4 62. Rf6 Ke5 63. Rf8 Rh1 64. Kg3 Ke6 65. Kg4 Ke7 66. Rf3 Rg1+ $1 67. Kh5 Rg7 68. Kh6 Rf7 $1 69. Re3+ Kf8 70. h5 Rf6+ 71. Kg5 Ra6 72. Re5 Kg7 73. Rb5 Ra7 1/2-1/2

[Event "Indian Blitz Championship 2023"]
[Site "Nashik"]
[Date "2024.03.07"]
[Round "7.3"]
[White "Mitrabha, Guha"]
[Black "Sai Agni Jeevitesh, J."]
[Result "1-0"]
[ECO "A13"]
[WhiteElo "2526"]
[BlackElo "2285"]
[Annotator "TA"]
[PlyCount "83"]
[EventDate "2024.03.07"]
[EventType "blitz"]
[EventCountry "IND"]
[SourceTitle "playchess.com"]
[Source "ChessBase"]
[SourceQuality "1"]
[TimeControl "180+2"]

1. Nf3 d5 2. c4 e6 3. e3 Nf6 4. b3 Bd6 5. Bb2 Nbd7 6. Nc3 a6 7. d4 b6 8. cxd5 {[%emt 0:00:01] The position is equal.} exd5 9. Bd3 Bb7 10. O-O Qe7 11. Rc1 O-O 12. Qe2 Rfe8 13. Rfd1 g6 14. h3 Ne4 15. Qc2 f5 16. Ne2 Ndf6 {[%emt 0:00:16][%cal Oe4f2] [#] ...Nxf2! is the strong threat.} 17. Ne5 c5 18. f3 Ng5 19. Ba1 Rac8 {[%emt 0:00:01] Threatens to win with ...cxd4.} (19... cxd4 {looks sharper.} 20. f4 Rac8 21. Qb1 Rxc1 22. Qxc1 Bxe5 23. fxg5 Nh5) 20. Qb2 cxd4 21. exd4 (21. Rxc8 $11 {keeps the balance.} Bxc8 22. exd4) 21... Ne6 ({Black should try} 21... Ba3 $17 22. Qd2 Bxc1 23. Nxc1 Nf7) 22. Rxc8 $11 Rxc8 23. Qd2 Nh5 24. g4 (24. Qe3 $11) 24... fxg4 $17 25. hxg4 Nf6 (25... Rf8 $17 26. gxh5 Ng5) 26. Kg2 {[%emt 0:00:11] [#]} Nxd4 $2 {[%emt 0:00:24][%mdl 8192] A mistake that costs the game.} 27. Nxg6 $18 (27. Bxd4 Bxe5 28. Qg5 Bxd4 29. Nxd4 Re8 $11) 27... hxg6 28. Bxd4 Bc5 (28... Nxg4 $142 29. Rh1 (29. fxg4 Qh4 $18) 29... Ne5) 29. Qg5 Bxd4 30. Qxg6+ $2 (30. Nxd4 Rc7 31. Rh1 (31. Bxg6 Bc8 $18) (31. Qxg6+ Qg7 $18)) 30... Qg7 31. Qxg7+ Kxg7 32. Nxd4 Kf7 33. Kg3 b5 34. g5 Nh5+ 35. Kg4 Ng7 36. f4 Rc3 37. f5 Bc8 38. Kf4 Nh5+ 39. Ke5 Bb7 40. f6 Rc8 41. g6+ Kf8 42. Ne6+ {[%emt 0:00:02] Weighted Error Value: White=0.30/Black=0.64.  Loses game:     	---       	Black=1      Mistake:       	White=2     	Black=3      Inaccurate:     	White=3     	Black=4      OK:         	White=11    	Black=8      Best:        	White=1     	---} 1-0

[Event "Indian Blitz Championship 2023"]
[Site "Nashik"]
[Date "2024.03.07"]
[Round "7.4"]
[White "Wagh Suyog"]
[Black "Ghosh, Diptayan"]
[Result "0-1"]
[ECO "A14"]
[WhiteElo "2250"]
[BlackElo "2559"]
[Annotator "TA"]
[PlyCount "60"]
[EventDate "2024.03.07"]
[EventType "blitz"]
[EventCountry "IND"]
[SourceTitle "playchess.com"]
[Source "ChessBase"]
[SourceQuality "1"]
[TimeControl "180+2"]

1. Nf3 d5 2. g3 Nf6 3. Bg2 e6 4. c4 Be7 5. b3 O-O 6. Bb2 a5 7. O-O c6 8. Qc2 b6 9. d3 Bb7 10. e4 c5 {[%emt 0:00:08] The position is equal.} 11. exd5 exd5 12. Nc3 Na6 (12... Nc6 $11) 13. a3 (13. Ne5 $14) 13... Nc7 14. Rfe1 (14. Na4 $11) 14... Re8 ({Black should try} 14... d4 $15 15. Nb1 Bd6) 15. Rad1 ({Better is} 15. Ne5 $11) 15... d4 $15 16. Nb1 Ne6 17. Ne5 (17. Bc1 $11 {remains equal.}) 17... Bxg2 $17 18. Kxg2 Bd6 {[%emt 0:02:25] ...Bxe5 is the strong threat.} 19. f4 (19. Nd2 $17) 19... Bxe5 $19 20. fxe5 Ng4 21. Bc1 {[%emt 0:00:01] Dodges Ne3+} f6 22. exf6 (22. Re2 $142) 22... Qxf6 23. Rf1 Qg6 24. Rde1 {[%emt 0:00:02] Repels Ne3+} Ng5 {[%emt 0:00:00] A dynamic duo of knights.} 25. Kh1 $2 {[%emt 0:00:30] [#]} (25. Bxg5 Qxg5 26. Kh1) 25... Rxe1 26. Rxe1 Rf8 27. Bxg5 Qxg5 $2 $40 {[%emt 0:00:00][%mdl 128] Black attacks with force.} (27... Rf2 28. Qc1 Qxd3 (28... Rxh2+ $2 29. Kg1 $19)) 28. Qg2 (28. Qe2) 28... Nf2+ {[%emt 0:00:00] Black is clearly winning.} 29. Kg1 Nxd3 30. h4 Nxe1 {[%emt 0:00:00] Weighted Error Value: White=0.86/Black=0.29 (precise) .  Mistake:       	White=7     	Black=2      Inaccurate:     	---       	Black=2      OK:         	White=2     	Black=7      Best:        	White=2     	Black=3} 0-1

[Event "Indian Blitz Championship 2023"]
[Site "Nashik"]
[Date "2024.03.07"]
[Round "7.5"]
[White "Manish Anto Cristiano F"]
[Black "Karthik Venkataraman"]
[Result "1/2-1/2"]
[ECO "C79"]
[WhiteElo "2286"]
[BlackElo "2609"]
[Annotator "TA"]
[PlyCount "109"]
[EventDate "2024.03.07"]
[EventType "blitz"]
[EventCountry "IND"]
[SourceTitle "playchess.com"]
[Source "ChessBase"]
[SourceQuality "1"]
[TimeControl "180+2"]

1. e4 e5 2. Nf3 Nc6 3. Bb5 a6 4. Ba4 Nf6 5. O-O d6 6. c4 Bg4 7. Nc3 Nd7 8. h3 Bxf3 9. Qxf3 Nd4 10. Qd1 Be7 11. Ne2 Nxe2+ 12. Qxe2 c6 13. f4 Nc5 14. Bc2 Ne6 15. d3 exf4 16. Bxf4 Bf6 17. Rab1 Be5 18. Be3 O-O 19. Qf2 c5 20. b4 b6 21. bxc5 bxc5 (21... dxc5 {simplifies} 22. g3 Bd4 23. Kg2 Bxe3 24. Qxe3 Nd4) 22. Rb7 Qe8 ({Black should try} 22... Nd4 $1 $15) 23. Bd1 Bd4 {[%emt 0:00:34] Black is weak on the light squares} ({Better is} 23... Nd4 $15) 24. Bg4 $11 Bxe3 25. Qxe3 Nd4 26. Qf4 (26. Qg5 $5) 26... Rd8 27. Kh1 Nc6 28. Bh5 (28. Qg3 $11) 28... Ne5 $15 29. Qg5 Rd7 (29... Rb8 $17 30. Rxb8 Qxb8) 30. Rb6 (30. Rb3 $11 {remains equal.}) 30... a5 (30... Nxd3 $17 31. Bg4 Rd8) 31. Bg4 Qd8 32. Qxd8 Rdxd8 33. Be2 Rb8 34. Rfb1 Rxb6 35. Rxb6 $11 {[%emt 0:00:01][%mdl 4096] Endgame. KRB-KRN} f5 (35... Rd8 $11) 36. exf5 $16 Rxf5 {[%emt 0:00:00] [#]} 37. Rxd6 (37. Kg1 $1 $16) 37... Rf2 $11 {[%emt 0:00:01] The position is equal.} 38. Bg4 Nxg4 39. hxg4 Rxa2 {[%emt 0:00:00] KR-KR} 40. Rd5 Rd2 41. Rxc5 Rxd3 42. Rxa5 Rd4 43. c5 Rxg4 44. c6 Rc4 45. Ra8+ Kf7 46. Rc8 Ke6 47. c7 Kd7 48. Rg8 Rxc7 49. Rxg7+ Kd6 50. Rxc7 Kxc7 51. Kh2 Kd6 52. Kh3 Ke6 53. Kg4 Kf6 54. Kh5 Kg7 55. Kg5 {[%emt 0:00:01] Weighted Error Value: White=0.15 (very precise) /Black=0.15 (very precise) .  Mistake:       	White=3     	Black=5      Inaccurate:     	White=5     	Black=1      OK:         	White=18    	Black=23     Best:        	White=1     	Black=3} 1/2-1/2

[Event "Indian Blitz Championship 2023"]
[Site "Nashik"]
[Date "2024.03.07"]
[Round "7.6"]
[White "Ravi, Teja S."]
[Black "Srihari L R"]
[Result "1/2-1/2"]
[ECO "D02"]
[WhiteElo "2437"]
[BlackElo "2490"]
[Annotator "TA"]
[PlyCount "75"]
[EventDate "2024.03.07"]
[EventType "blitz"]
[EventCountry "IND"]
[SourceTitle "playchess.com"]
[Source "ChessBase"]
[SourceQuality "1"]
[TimeControl "180+2"]

1. d4 d5 2. Nf3 Nf6 3. Bf4 c5 4. e3 Nc6 5. Nbd2 cxd4 6. exd4 Nh5 7. Be3 g6 8. c3 {[%emt 0:00:10] White is slightly better.} Bg7 9. Be2 Qd6 10. g3 O-O 11. O-O {[%emt 0:00:00] [#]} (11. Nh4 $11 {keeps the balance.}) 11... f5 $1 $17 12. Ne5 f4 13. gxf4 Nxf4 14. Bxf4 Rxf4 15. Nd3 {[%emt 0:00:00] [#]} Bh3 16. Nxf4 $11 Qxf4 17. Bf3 $1 Qg5+ (17... Rf8 {seems wilder.} 18. Re1 Kh8 19. Kh1 e5) 18. Kh1 Bxf1 19. Nxf1 Kh8 20. Qe2 e5 21. dxe5 Nxe5 (21... Qxe5 $11 22. Re1 (22. Qxe5 Nxe5 23. Bxd5 Nd3 $11) 22... Rd8) 22. Bxd5 $14 Rf8 23. Ng3 {[%emt 0:00:02] Dodges Qf5} Ng4 ({Black should play} 23... Qf4 $14) 24. Bf3 $16 (24. Bxb7 $2 Rxf2 (24... Nxf2+ 25. Kg2 $15) 25. Re1 Rxe2 $19 (25... Rxh2+ $2 26. Qxh2 Nxh2 27. Re8+ $19)) 24... Ne5 25. Bg2 (25. Bxb7 $16 h5 26. Re1) 25... Ng4 $36 {[%emt 0:00:07][%mdl 2048] Black is more active.} 26. Rf1 (26. Bxb7 $2 {too greedy.} Rxf2 (26... Nxf2+ 27. Kg2 $17) 27. Re1 Rxe2 $19 (27... Rxh2+ $2 28. Qxh2 Nxh2 29. Re8+ $19)) 26... Qh4 27. h3 {[%emt 0:00:03] [#]} Nxf2+ 28. Rxf2 Qxg3 29. Rxf8+ Bxf8 30. Bxb7 ({Better is} 30. Qf3 $11 Qe1+ 31. Qf1 Qxf1+ 32. Bxf1) 30... Qxh3+ {[%emt 0:00:02][%mdl 4096] Endgame. KQB-KQB} 31. Qh2 Qf1+ (31... Qf5 $15) 32. Qg1 Qh3+ (32... Qxg1+ {simplifies} 33. Kxg1 Kg7 34. Kf2 Kf6) 33. Qh2 Qf1+ 34. Qg1 Qh3+ 35. Qh2 Qf1+ 36. Qg1 Qh3+ 37. Qh2 Qf1+ 38. Qg1 {[%emt 0:00:00] Weighted Error Value: White=0.20 (precise) /Black=0.26 (precise) .  Mistake:       	White=3     	Black=4      Inaccurate:     	White=6     	Black=4      OK:         	White=7     	Black=5      Best:        	White=5     	Black=4      Strong:       	White=1     	Black=1      Brilliant:      	---       	Black=1} 1/2-1/2

[Event "Indian Blitz Championship 2023"]
[Site "Nashik"]
[Date "2024.03.07"]
[Round "7.7"]
[White "Nitin, S.."]
[Black "Dixit, Nikhil"]
[Result "0-1"]
[ECO "B30"]
[WhiteElo "2338"]
[BlackElo "2334"]
[Annotator "TA"]
[PlyCount "95"]
[EventDate "2024.03.07"]
[EventType "blitz"]
[EventCountry "IND"]
[SourceTitle "playchess.com"]
[Source "ChessBase"]
[SourceQuality "1"]
[TimeControl "180+2"]

1. e4 c5 2. Nf3 Nc6 3. Bb5 e6 4. c3 Nge7 5. O-O Ng6 6. d4 cxd4 7. cxd4 d5 8. e5 {[%emt 0:00:06] White is slightly better.} Be7 9. Nc3 O-O 10. Re1 Bd7 11. Be3 a6 12. Bd3 f6 13. exf6 Rxf6 14. Bc2 Qf8 15. Ng5 {[%emt 0:00:32] [#] Qh5 is the strong threat.} h6 16. Nf3 Bd6 {[%emt 0:00:10] Prevents Ne5.} 17. h3 Qf7 18. Nh2 $1 Bxh2+ 19. Kxh2 Rf8 20. a3 Nce7 (20... Nh4 $5 21. Rf1 Be8 $11) 21. Ne2 Nf5 22. Bxf5 Rxf5 23. Ng3 Rf6 24. Rc1 Bc6 25. Qh5 Ne7 26. Qe2 Rg6 27. Qd2 Nf5 28. Nxf5 Qxf5 29. Qc2 Qxc2 30. Rxc2 e5 31. g3 e4 32. Kg2 Re6 33. Rec1 Rc8 34. h4 Ree8 35. Rc5 Kf7 36. b4 Ke6 {[%emt 0:00:01] [#]} 37. a4 $1 Bd7 (37... Rg8 38. Bf4) 38. Bf4 (38. Rc7 $14) 38... Rxc5 $15 39. Rxc5 Bxa4 {[%emt 0:00:01][%mdl 4096] Endgame. KRB-KRB} 40. Rc7 Bd1 (40... Re7 $15 {stays ahead.}) 41. Rxg7 $16 Bf3+ 42. Kh2 h5 43. Rc7 {[%emt 0:00:02] Dodges Rc8} ({White should play} 43. Rxb7 $14 Rc8 44. Rb6+ Ke7 45. g4 (45. Rxa6 Rc2 $14) 45... Bxg4 46. Rxa6) 43... b6 {[%emt 0:00:05] The position is equal.} 44. Rc6+ Kf7 45. Rc7+ Re7 46. Rc6 a5 47. bxa5 bxa5 48. Ra6 {[%emt 0:00:07][%mdl 32768] Prevents Ra7.   Weighted Error Value: White=0.13 (very precise) /Black=0.12 (very precise) .  Mistake:       	White=2     	Black=1      Inaccurate:     	White=5     	Black=3      OK:         	White=12    	Black=14     Best:        	White=2     	Black=1      Strong:       	White=1     	---       . Loss on time!?} 0-1

[Event "Indian Blitz Championship 2023"]
[Site "Nashik"]
[Date "2024.03.07"]
[Round "7.8"]
[White "Ayush Sharma"]
[Black "Aradhya, Garg"]
[Result "1-0"]
[ECO "E04"]
[WhiteElo "2311"]
[BlackElo "2385"]
[Annotator "TA"]
[PlyCount "159"]
[EventDate "2024.03.07"]
[EventType "blitz"]
[EventCountry "IND"]
[SourceTitle "playchess.com"]
[Source "ChessBase"]
[SourceQuality "1"]
[TimeControl "180+2"]

1. Nf3 Nf6 2. c4 e6 3. g3 d5 4. d4 dxc4 5. Bg2 Nbd7 6. O-O c6 7. a4 b6 8. Qc2 Bb7 9. Qxc4 c5 {[%emt 0:00:01] The position is equal.} 10. Rd1 Rc8 11. Nc3 Be7 12. dxc5 O-O 13. Be3 Bxc5 14. Bxc5 Rxc5 15. Qd4 Qe7 16. b4 Rcc8 17. Nb5 Bd5 18. Rac1 {[%emt 0:00:25] Inhibits Rc4.} a5 19. bxa5 bxa5 20. Nc7 Qb4 (20... Bb3 $11 21. Re1 Rb8) 21. Nxd5 (21. Qxb4 $16 axb4 22. Nd4 Bxg2 23. Kxg2) 21... Nxd5 $11 22. Rxc8 Rxc8 23. e4 Qxd4 24. Rxd4 N5f6 25. Bf1 e5 26. Rd3 h6 27. Bh3 Rc7 28. Bxd7 Nxd7 {[%emt 0:00:01][%mdl 4096] Endgame. KRN-KRN} 29. Rd5 Nc5 (29... f6 $11) 30. Nxe5 $16 ({Much worse is} 30. Rxe5 f6 31. Re8+ Kf7 $11) 30... f6 {[%emt 0:00:04] [#]} 31. Nf3 (31. Ng4 $1 $16) 31... Kf7 (31... Nxe4 $11 {keeps the balance.} 32. Nd4 (32. Rxa5 Rc1+ 33. Kg2 Rc2 $11) 32... Rc4) 32. Nd4 Nxa4 33. Rxa5 Nc3 34. f3 Rd7 35. Nf5 Ne2+ 36. Kf2 Nd4 37. Ne3 Nc6 38. Rc5 Ne5 {[%emt 0:00:01] And now ...Nd3+ would win.} 39. Ke2 Ra7 40. Rc2 h5 41. Nd5 h4 42. Ne3 ({White should try} 42. gxh4 $16 {f4 would now be deadly.} Ra3 43. Ne3) 42... hxg3 $14 43. hxg3 Ra3 44. f4 Nd7 45. Rc7 Ke8 46. Nf5 g6 47. Ng7+ (47. Rc8+ $16 Kf7 48. Ne3) 47... Kd8 (47... Ke7 $11 {remains equal.}) 48. Ne6+ $16 Ke7 $2 (48... Ke8 $16 {is a better chance.}) 49. Nc5 $18 Kd6 50. Rxd7+ Kxc5 {[%emt 0:00:01] KR-KR} 51. Rd3 Ra4 52. Ke3 Kc6 53. g4 Ra1 54. Rd8 (54. e5 $142 fxe5 55. fxe5) 54... Ra3+ {[%emt 0:00:01] [#]} 55. Rd3 (55. Kf2 $142 $1) 55... Ra1 56. f5 $2 (56. e5 $18 fxe5 57. fxe5) 56... g5 $1 $11 57. Rd8 {[%emt 0:00:04] Rf8 is the strong threat.} Ra3+ 58. Rd3 Ra1 59. Rd2 Re1+ 60. Kf3 {[%emt 0:00:02] Threatens to win with Rd8.} Rf1+ 61. Rf2 Re1 62. Rd2 {[%emt 0:00:02] Black must now prevent Rd8.} (62. Re2 $5 Rf1+ $8 63. Rf2 $11) 62... Rf1+ 63. Rf2 Re1 64. Rh2 Kd6 65. Rh8 Rf1+ 66. Ke3 Re1+ 67. Kd3 Ke7 {[%emt 0:00:04] Prevents Re8+} 68. Rh7+ Ke8 69. Kd4 Rd1+ 70. Kc5 Rd2 71. Rc7 Rg2 $2 (71... Rd1 $11) 72. Kd5 $2 (72. Kd6 $18 Ra2 73. e5 fxe5 74. f6 (74. Kxe5 Rg2 $18)) 72... Rxg4 73. e5 fxe5 $2 (73... Rb4 $11) 74. Ke6 $1 {[%emt 0:00:01][%cal Rc7c8] White mates.} Kd8 75. Rd7+ Kc8 76. f6 e4 77. f7 Rf4 78. Rd5 e3 79. Rf5 Re4+ 80. Kd5 {[%emt 0:00:02] Weighted Error Value: White=0.26 (precise) /Black=0.28 (precise) .  Loses game:     	---       	Black=3      Missed win:     	White=2     	---        Mistake:       	White=6     	Black=4      Inaccurate:     	---       	Black=4      OK:         	White=20    	Black=23     Best:        	White=4     	Black=7      Strong:       	White=1     	Black=1} 1-0